AoeStats
← Szorinx

Black Forest

510394277Analyzed
4v4 RM · 19h ago on Sep 30, 2026· 45m 12s· 8 players
Game mode
Random Map
Map size
Large (8 player)
Population
200
Speed
Normal
Resources
Standard
Victory
Conquest
Starting age
Dark Age
Ending age
Imperial Age
RankedLock teamsTeams togetherTeam positionsShared explorationLock speedFull tech treeHidden civsTurbo modeCheats
Victory
Defeat
1509
+9
🇮🇳 Mongols · India
1416
+13
1400
+14
🇺🇾 Italians · Uruguay
1393
+14
🇩🇪 Bohemians · Germany
1365
-13
🇹🇷 Magyars · Türkiye
1357
-13
🇮🇳 Hindustanis · India
1354
-13
🇩🇪 Bohemians · Germany
1320
-11
GAX | This Game Isnt Fun
0:58 Loom
13:25 Feudal Age
14:56 Town Watch
18:40 Castle Age
17:57 Double-Bit Axe
17:57 Fishing Lines
18:49 Horse Collar
21:22 Gillnets
23:10 Wheelbarrow
28:34 Bow Saw
31:54 Imperial Age
30:14 Hand Cart
31:19 Gold Mining
31:22 Stone Mining
31:41 Scale Mail Armor
31:52 Forging
32:11 Heavy Plow
32:28 Caravan
32:08 Onager
33:24 Siege Engineers
33:29 Masonry
33:23 Torsion Engines
32:53 Capped Ram
33:57 Conscription
35:14 Halberdier
35:54 Squires
35:42 Arson
36:11 Siege Ram
38:32 Chemistry
37:45 Fortified Wall
38:06 Architecture
38:00 Chain Mail Armor
38:21 Iron Casting
38:43 Siege Onager
40:38 Plate Mail Armor
41:09 Blast Furnace
39:59 Fletching
43:11 Ballistics
Gordo Tetovich
0:59 Loom
12:14 Feudal Age
13:49 Double-Bit Axe
16:29 Town Watch
18:19 Gold Mining
21:01 Castle Age
19:48 Fishing Lines
22:37 Fletching
22:47 Padded Archer Armor
25:45 Imperial Age
23:53 Bodkin Arrow
24:13 Leather Archer Armor
25:23 Crossbowman
27:40 Chemistry
27:03 Bracer
27:49 Capped Ram
30:04 Ballistics
31:35 Thumb Ring
32:44 Ring Archer Armor
32:26 Arbalester
32:58 Treadmill Crane
34:37 Bow Saw
37:33 Stone Mining
40:12 Conscription
41:45 Stone Shaft Mining
43:49 Two-Man Saw
TmZ_Mosquito Sedutor
4:45 Loom
12:22 Feudal Age
16:58 Castle Age
15:06 Double-Bit Axe
15:31 Horse Collar
19:21 Fishing Lines
23:46 Bow Saw
24:41 Wheelbarrow
24:11 Heavy Plow
24:51 Gold Mining
24:54 Stone Mining
27:40 Bloodlines
30:03 Imperial Age
27:52 Husbandry
28:41 Stone Shaft Mining
28:35 Scale Barding Armor
28:40 Forging
30:25 Chain Barding Armor
30:44 Hand Cart
30:24 Cavalier
32:47 Plate Barding Armor
32:47 Iron Casting
32:11 Paladin
39:39 Conscription
Broken Angel
11:04 Feudal Age
12:37 Double-Bit Axe
15:00 Castle Age
15:55 Bow Saw
19:37 Horse Collar
22:08 Gold Mining
22:11 Stone Mining
23:04 Wheelbarrow
23:15 Fishing Lines
24:05 Gold Mining
25:18 Stone Shaft Mining
25:30 Gold Shaft Mining
26:07 Hand Cart
29:13 Imperial Age
26:30 Loom
27:10 Fletching
27:58 Bodkin Arrow
29:06 Ballistics
29:19 Elite Mangudai
30:19 Conscription
30:04 Bracer
31:15 Padded Archer Armor
32:17 Chemistry
31:46 Thumb Ring
32:12 Parthian Tactics
31:59 Bloodlines
31:49 Husbandry
32:54 Leather Archer Armor
33:29 Coinage
32:59 Caravan
33:41 Drill
33:56 Hoardings
33:29 Scale Barding Armor
33:26 Light Cavalry
35:02 Banking
34:32 Caravan
34:56 Caravan
35:50 Chain Barding Armor
35:40 Forging
36:23 Hussar
37:36 Nomads
38:22 Iron Casting
44:04 Blast Furnace
Szorinx
1:11 Loom
13:20 Feudal Age
15:19 Double-Bit Axe
18:50 Castle Age
20:09 Bow Saw
20:00 Fishing Lines
23:27 Wheelbarrow
24:34 Sanctity
24:27 Fervor
24:18 Gillnets
32:10 Imperial Age
29:59 Hand Cart
31:57 Chemistry
31:07 Fortified Wall
31:06 Town Watch
31:26 Padded Archer Armor
32:50 Leather Archer Armor
32:59 Squires
33:06 Wagenburg Tactics
33:23 Conscription
33:17 Siege Engineers
34:11 Ring Archer Armor
34:12 Caravan
34:23 Guilds
35:33 Two-Man Saw
35:30 Sanctity
34:37 Houfnice
36:04 Fletching
36:39 Ballistics
36:30 Masonry
37:06 Bodkin Arrow
37:27 Masonry
37:38 Ballistics
37:14 Murder Holes
39:22 Elite Skirmisher
41:53 Bracer
NotADuck
8:51 Loom
9:49 Loom
11:36 Feudal Age
12:30 Double-Bit Axe
17:39 Castle Age
18:43 Bow Saw
21:09 Horse Collar
25:03 Wheelbarrow
30:52 Imperial Age
29:11 Hand Cart
29:19 Ballistics
29:22 Scale Mail Armor
29:32 Forging
28:53 Pikeman
30:22 Chain Mail Armor
30:00 Fletching
31:15 Chemistry
31:09 Caravan
32:12 Plate Mail Armor
32:17 Iron Casting
31:46 Squires
31:31 Arson
31:55 Elite Hussite Wagon
34:30 Blast Furnace
33:26 Bodkin Arrow
33:44 Masonry
33:46 Fortified Wall
34:40 Two-Man Saw
33:18 Halberdier
35:03 Houfnice
38:30 Bracer
39:20 Wagenburg Tactics
39:36 Conscription
40:47 Padded Archer Armor
45:18 Scale Barding Armor
Nghtly
11:53 Feudal Age
17:41 Castle Age
16:11 Double-Bit Axe
22:51 Bow Saw
25:47 Wheelbarrow
25:25 Horse Collar
31:24 Imperial Age
28:44 Loom
29:04 Fishing Lines
29:51 Thumb Ring
29:38 Fletching
30:12 Ballistics
30:27 Gillnets
30:52 Bodkin Arrow
30:58 Padded Archer Armor
32:37 Conscription
32:46 Parthian Tactics
32:41 Hand Cart
32:12 Town Watch
31:59 Heavy Cavalry Archer
32:57 Leather Archer Armor
33:10 Bracer
34:19 Chemistry
34:33 Husbandry
34:53 Bloodlines
35:12 Light Cavalry
36:38 Ring Archer Armor
37:01 Corvinian Army
37:25 Careening
36:37 Crossbowman
37:28 Scale Barding Armor
38:39 Chain Barding Armor
40:00 Plate Barding Armor
40:55 Masonry
41:29 Pikeman
42:12 Scale Mail Armor
42:31 Recurve Bow
41:55 Elite Magyar Huszar
43:19 Chain Mail Armor
snek_fan
0:29 Loom
11:13 Feudal Age
16:00 Castle Age
14:39 Double-Bit Axe
14:44 Horse Collar
19:28 Town Watch
23:12 Wheelbarrow
23:37 Bow Saw
29:30 Imperial Age
27:07 Gold Mining
27:44 Masonry
28:26 Bloodlines
28:17 Husbandry
29:01 Scale Barding Armor
29:49 Forging
30:22 Chain Barding Armor
32:19 Heavy Camel Rider
33:25 Hand Cart
34:16 Forging
42:06 Elite Skirmisher
Connection lost

Rejoining the realm…

Still unreachable

The connection could not be restored.

Session expired

The server has moved on; the page needs a fresh start.